 Dungeon Crawl Stone Soup version 0.16.1-18-g436b03c (webtiles) character file.

97104 drasked the Severer (level 16, -2/92 HPs)
             Began as a Gargoyle Berserker on Apr 28, 2015.
             Was the Champion of Trog.
             Shot with an arrow by a naga sharpshooter (18 damage)
             ... led by Vashnia
             ... on level 2 of the Snake Pit.
             The game lasted 00:37:50 (28648 turns).

drasked the Severer (Gargoyle Berserker)           Turns: 28648, Time: 00:37:50

Health: -2/92      AC: 41    Str: 23    XL:     16   Next: 18%
Magic:  16/16      EV:  8    Int:  9    God:    Trog [******]
Gold:   0          SH:  0    Dex:  9    Spells: 0 memorised, 15 levels left

rFire  + + .     SeeInvis +     B - +9 battleaxe "Theghual" {holy, +Fly rF+ rC+ Str-4}
rCold  + . .     Clarity  .     u - +1 plate armour {rPois}
rNeg   + . .     SustAb   .     (no shield)
rPois  ∞         Gourm    .     n - +2 helmet
rElec  +         Spirit   .     d - +2 cloak
rCorr  .         Warding  .     a - +1 pair of gloves of Articulation {rF+}
rMut   .         Rnd*Tele +     j - +2 pair of boots
MR     ++...                    l - amulet of faith
Stlth  ..........               s - ring of see invisible
                                i - ring of protection from magic

@: exhausted, about to teleport, flying, slowed, very slow, very resistant to
hostile enchantments, extremely unstealthy
A: able to fly continuously, big wings, blink 1, deterioration 1, frail 1,
negative energy resistance 1, electricity resistance, teleportitis 2,
unbreathing, petrification resistance, rot immunity, AC +11
a: Stop Flying, Blink, Burn Spellbooks, Berserk, Trog's Hand, Brothers in Arms,
Renounce Religion


You were on level 2 of the Snake Pit.
You worshipped Trog.
Trog was exalted by your worship.
You were very hungry.

You visited 4 branches of the dungeon, and saw 28 of its levels.


Innate Abilities, Weirdness & Mutations

You are resistant to torment.
You are immune to poison.
You can fly continuously.
Your stone body is very resilient (AC +11).
Your wings are large and strong.
You resist negative energy.
You are resistant to electric shocks.
You can survive without breathing.
You are immune to petrification.
You are immune to rotting.
You can translocate small distances at will.
Your body is slowly deteriorating.
You are frail (-10% HP).
Space sometimes distorts in your vicinity.


   Skills:
 - Level 12.8 Fighting
 - Level 20.0 Axes
 + Level 12.8 Armour
 - Level 1.5 Dodging


You had 15 spell levels left.
You didn't know any spells.

Inventory:

Hand weapons
 g - the +11 battleaxe "Ycses" {chop, Contam rElec rN+ Str+2 Dex-3}
   (Trog gifted it to you on level 6 of the Lair of Beasts)

   It inflicts extra damage upon your enemies.
   It affects your strength (+2).
   It affects your dexterity (-3).
   It insulates you from electricity.
   It protects you from negative energy.
   It causes magical contamination when unequipped.
 B - the +9 battleaxe "Theghual" (weapon) {holy, +Fly rF+ rC+ Str-4}
   (Trog gifted it to you on level 14 of the Dungeon)

   It has been blessed by the Shining One to cause great damage to the undead
   and demons.
   It affects your strength (-4).
   It protects you from fire.
   It protects you from cold.
   It lets you fly.
Missiles
 G - 4 javelins (quivered)
Armour
 a - the +1 pair of gloves of Articulation (worn) {rF+}
   (You acquired it on level 10 of the Dungeon)

   It protects you from fire.
 d - a +2 cloak (worn)
 j - a +2 pair of boots (worn)
 n - a +2 helmet (worn)
 u - a +1 plate armour of poison resistance (worn)
 v - a fire dragon hide
Jewellery
 i - a ring of protection from magic (left hand)
 l - an amulet of faith (around neck)
 s - a ring of see invisible (right hand)
 t - an uncursed ring of ice
 Y - an uncursed ring of positive energy
Magical devices
 x - a wand of teleportation (4)
 C - a wand of teleportation (5)
Scrolls
 c - 2 scrolls of recharging
 k - 12 scrolls of remove curse
 m - a scroll of enchant weapon
 r - 13 scrolls of identify
 y - 2 scrolls of teleportation
 z - a scroll of holy word
Potions
 b - 4 potions of restore abilities
 f - 4 potions of haste
 h - 2 potions of might
 p - 7 potions of curing
 q - 3 potions of cancellation
 w - 5 potions of heal wounds
Comestibles
 o - 11 bread rations
 A - 8 meat rations
 D - 2 chunks of flesh
 E - a royal jelly
 F - 2 slices of pizza

Dungeon Overview and Level Annotations

Branches:
Dungeon (15/15)            Temple (0/1) D:6            Lair (8/8) D:11
  Swamp (0/5) Lair:6        Snake (2/5) Lair:6        Slime (0/6) Lair:8
    Orc (3/4) D:10            Elf (0/3) Orc:3        Vaults (0/5) D:14
 Depths (0/5) D:15

Altars:
Fedhas
Gozag
Makhleb
Nemelex Xobeh
Qazlal
Ru
Xom
Zin
Beogh
Jiyva

Annotations:
Snake:2 Vashnia


Message History

28647 ||| DRINKING 6 potions of heal wounds.
You feel much better.
Vashnia momentarily phases out as your troll's attack passes through her.
Your troll claws Vashnia but does no damage.
Your troll claws Vashnia!
The naga sharpshooter shoots an arrow.
The arrow hits you.
Vashnia points at your troll and mumbles some strange words.
Your troll blinks!
The naga sharpshooter mumbles some strange words.
The naga sharpshooter magically shoots an arrow.
The arrow completely misses you.
Vashnia shoots a bolt.
The bolt hits your troll!! The bolt burns your troll.
28648 ||| ZAPPING wand of teleportation (5).
Evoke which item? (* to show all) (? for menu, Esc to quit)
Zapping:
x - a wand of teleportation (5)
Press: ? - help, Shift-Dir - straight line, f - you You feel strangely unstable.
This wand has 4 charges left.
The naga sharpshooter shoots an arrow.
The arrow hits you.
The naga sharpshooter shoots an arrow.
The arrow hits you!!
You die...

##.).###..##>####....#####
.........## .# #.#.).#
.<.###....#..####)#...####
.................)......NN
....#.)<..#.#####(##......
.........##.# ##(##..###
...[..##.....###¤..NN.###
....... ##.#.N.N.#.#....#
#####.. .....T..@..#....#
.......(.....(......# ....
##....#......#... ...###
###.........# #.#
#.....#....#
#.#...#.......
...############


You could see Vashnia, 3 naga sharpshooters and a friendly troll (berserk).

Vanquished Creatures
  Aizul (Snake:1)
  A stone giant (Orc:3)
  Snorg (Lair:5)
  A fire dragon (D:15)
  2 vault guards (D:14)
  Josephine (Snake:1)
  Fannar (D:11)
  4 naga warriors
  2 hydras
  An ice dragon (D:15)
  4 centaur warriors
  2 anacondas (Snake:1)
  A catoblepas (Lair:7)
  Urug (Snake:1)
  5 death yaks
  2 naga sharpshooters (Snake:2)
  2 shock serpents (Snake:1)
  A naga ritualist (Snake:1)
  2 necromancers (D:14)
  6 hill giants
  A wizard (D:14)
  A griffon (D:14)
  5 ugly things
  A manticore (D:15)
  3 mana vipers (Snake:1)
  An orc sorcerer (Orc:3)
  A cyclops (D:11)
  Maurice (D:9)
  7 spiny frogs
  19 black mambas
  A guardian serpent (Snake:2)
  A queen ant (Lair:4)
  5 naga magi
  Psyche (D:9)
  3 kobold demonologists
  2 gargoyles
  2 fire drakes
  3 yaktaurs (D:15)
  5 komodo dragons
  4 trolls
  6 polar bears
  A spriggan druid (Lair:8)
  A freezing wraith (D:13)
  A two-headed ogre (D:14)
  A hornet zombie (D:15)
  A basilisk (Lair:5)
  A spriggan (shapeshifter) (D:13)
  A shadow (D:12)
  13 blink frogs
  The ghost of drasked the Chopper, an average GrBe of Trog (D:4)
  13 spriggans
  A vampire (D:15)
  54 yaks
  2 deep elf magi (D:11)
  Eustachio (D:5)
  7 redbacks (Lair:8)
  3 wyverns
  5 wraiths
  9 hippogriffs
  2 hungry ghosts (D:9)
  Grum (D:11)
  4 vampire mosquitoes (D:13)
  21 humans
  38 wolves
  The ghost of theElss the Skirmisher, an average GrBe of Trog (D:3)
  Edmund (D:4)
  Menkaure (D:7)
  13 nagas
  10 soldier ants
  17 water moccasins
  7 porcupines
  5 wargs (Orc:1)
  10 orc warriors
  An eye of draining (D:14)
  3 sky beasts
  6 wasps
  4 ogres
  8 black bears
  2 phantoms
  2 ice beasts
  11 centaurs
  A boring beetle (Lair:8)
  Duvessa (D:6)
  5 big kobolds
  8 crocodiles
  19 giant frogs
  Blork the orc (D:8)
  2 gnoll sergeants
  A wyvern skeleton (D:11)
  34 killer bees
  3 scorpions
  A vampire bat (D:3)
  4 wights (D:12)
  Dowan (D:6)
  6 crimson imps
  A goliath beetle (D:6)
  4 centaur zombies
  A giant frog zombie (D:8)
  10 jellies
  A giant frog skeleton (D:13)
  An iron imp (D:5)
  15 orc priests
  11 hounds
  Crazy Yiuf (D:6)
  3 centaur skeletons
  A quasit (D:11)
  4 human skeletons (D:14)
  15 orc wizards
  6 iguanas
  21 worker ants
  25 sheep
  Ijyb (D:7)
  A hound skeleton (D:6)
  A worker ant zombie (D:8)
  A mummy (D:12)
  17 adders
  15 gnolls
  5 shadow imps
  A giant mite (D:5)
  66 river rats
  12 white imps (Lair:5)
  2 worms
  3 fire bats (D:3)
  A giant gecko (D:5)
  89 orcs
  2 spectral bats (D:3)
  Natasha (D:6)
  2 ball pythons
  A bat simulacrum (D:3)
  7 bat skeletons
  A bat zombie (D:3)
  15 hobgoblins
  10 jackals
  23 bats
  5 giant cockroaches
  3 giant newts
  A giant spore (D:13)
  13 goblins
  25 kobolds
  21 quokkas
  A quokka skeleton (D:6)
  19 rats
  A butterfly (Lair:4)
  7 fungi
  3 plants
981 creatures vanquished.

Vanquished Creatures (collateral kills)
  4 hydras
  A naga warrior (Snake:1)
  2 naga sharpshooters (Snake:2)
  3 death yaks
  4 oklob plants (Lair:1)
  The ghost of drasked the Cleaver, an experienced GrBe of Trog (D:7)
  A centaur zombie (D:14)
  A spiny frog (D:11)
  A troll (D:11)
  Sonja (D:11)
  A blink frog (Lair:3)
  An ogre (D:14)
  A killer bee (D:14)
  A hound (D:11)
  A jelly (D:14)
  Natasha (twice) (D:6)
  2 gnolls (D:11)
  A river rat (Lair:8)
  A giant newt (D:6)
30 creatures vanquished.

Vanquished Creatures (others)
  A hill giant (Snake:2)
  A two-headed ogre (D:11)
  A fungus (Lair:8)
3 creatures vanquished.

Grand Total: 1014 creatures vanquished

Notes
Turn   | Place    | Note
--------------------------------------------------------------
     0 | D:1      | drasked, the Gargoyle Berserker, began the quest for the Orb.
     0 | D:1      | Reached XP level 1. HP: 14/14 MP: 1/1
     0 | D:1      | 0 ||| counter = 16
   127 | D:1      | Reached skill level 3 in Axes
   205 | D:1      | Reached XP level 2. HP: 17/19 MP: 2/2
   597 | D:1      | Acquired Trog's second power
   809 | D:1      | 809 ||| UPGRADING to ring mail.
   819 | D:1      | 819 ||| DROPPING +0 animal skin.
   820 | D:1      | 820 ||| UPGRADING to pair of glowing boots.
   825 | D:1      | 825 ||| READING scroll labeled KEIRYGUNKI.
   826 | D:1      | 826 ||| READING scroll labeled LOTHRE CEYS SME.
   827 | D:1      | 827 ||| READING scroll labeled ALASUKLO MYHI.
   964 | D:2      | Reached XP level 3. HP: 20/23 MP: 3/3
  1062 | D:2      | 1062 ||| INVOKING Berserk.
  1105 | D:2      | 1105 ||| UPGRADING to war axe.
  1106 | D:2      | 1106 ||| DROPPING +0 hand axe.
  1219 | D:2      | Found a sacrificial altar of Ru.
  1283 | D:2      | Reached skill level 4 in Axes
  1656 | D:2      | 1656 ||| UPGRADING to plate armour.
  1666 | D:2      | 1666 ||| DROPPING +0 ring mail.
  1667 | D:2      | 1667 ||| READING 2 scrolls labeled FAM OMUEZUJUTH.
  1671 | D:2      | 1671 ||| READING scroll labeled CRESELO LOLUTS.
  1672 | D:2      | 1672 ||| READING scroll labeled LERRAOCENERR.
  1673 | D:2      | 1673 ||| READING scroll labeled FUTISTRE ZIRE.
  1674 | D:2      | 1674 ||| DRINKING 2 white potions.
  1745 | D:3      | Noticed theElss' ghost (average GrBe)
  1751 | D:3      | 1751 ||| INVOKING Berserk.
  1755 | D:3      | Killed theElss' ghost
  1755 | D:3      | Reached skill level 5 in Axes
  1755 | D:3      | Reached XP level 4. HP: 28/28 MP: 4/4
  1755 | D:3      | Reached XP level 5. HP: 32/32 MP: 5/5
  1760 | D:3      | 1760 ||| EATING 2 fruits.
  1791 | D:3      | 1791 ||| EATING fruit.
  1795 | D:3      | Found a sparkling altar of Nemelex Xobeh.
  1824 | D:3      | 1824 ||| INVOKING Berserk.
  1865 | D:3      | Reached skill level 6 in Axes
  1865 | D:3      | Reached XP level 6. HP: 37/37 MP: 6/6
  1877 | D:3      | 1877 ||| EATING bread ration.
  2165 | D:3      | Found a blossoming altar of Fedhas.
  2408 | D:3      | Found a burning altar of Makhleb.
  2496 | D:3      | 2496 ||| READING scroll labeled THRISU GUGYRHE.
  2497 | D:3      | 2497 ||| READING scroll labeled WOUMEI KLULICK.
  2633 | D:4      | Noticed Edmund
  2639 | D:4      | 2639 ||| INVOKING Berserk.
  2667 | D:4      | 2667 ||| INVOKING Berserk.
  2670 | D:4      | Killed Edmund
  2670 | D:4      | Reached skill level 7 in Axes
  2670 | D:4      | Reached XP level 7. HP: 41/41 MP: 7/7
  2676 | D:4      | 2676 ||| EATING 3 slices of pizza.
  2841 | D:4      | Noticed drasked's ghost (average GrBe)
  2844 | D:4      | 2844 ||| INVOKING Berserk.
  2856 | D:4      | Killed drasked's ghost
  2856 | D:4      | Reached skill level 3 in Armour
  2889 | D:4      | 2889 ||| EATING 2 slices of pizza.
  2992 | D:4      | Acquired Trog's third power
  3008 | D:4      | Found an opulent altar of Gozag.
  3174 | D:4      | 3174 ||| UPGRADING to glowing cloak.
  3179 | D:4      | 3179 ||| DRINKING 2 emerald potions.
  3180 | D:4      | 3180 ||| DRINKING 4 orange potions.
  3181 | D:4      | 3181 ||| DRINKING 2 fuming ruby potions.
  3182 | D:4      | 3182 ||| DRINKING 2 inky potions.
  3189 | D:5      | Entered Level 5 of the Dungeon
  3236 | D:5      | Noticed Eustachio
  3286 | D:5      | Killed Eustachio
  3286 | D:5      | Reached XP level 8. HP: 43/48 MP: 8/8
  3336 | D:5      | Reached skill level 8 in Axes
  3340 | D:5      | 3340 ||| DRINKING potion of curing.
  3340 | D:5      | 3340 ||| (to cure confusion)
  3861 | D:5      | 3861 ||| DRINKING 2 bubbling green potions.
  3887 | D:6      | Noticed an eight-headed hydra
  3888 | D:6      | 3888 ||| INVOKING Brothers in Arms.
  3889 | D:6      | 3889 ||| INVOKING Brothers in Arms.
  3893 | D:6      | 3893 ||| INVOKING Berserk.
  3896 | D:6      | Noticed Natasha
  3896 | D:6      | Killed a ten-headed hydra
  3896 | D:6      | Reached skill level 9 in Axes
  3906 | D:6      | Killed Natasha
  3907 | D:6      | 3907 ||| EATING beef jerky.
  3926 | D:6      | Noticed Natasha
  3928 | D:6      | Killed Natasha
  4012 | D:6      | Noticed Duvessa
  4012 | D:6      | Noticed Dowan
  4017 | D:6      | 4017 ||| INVOKING Berserk.
  4018 | D:6      | Killed Duvessa
  4018 | D:6      | Reached skill level 10 in Axes
  4018 | D:6      | Reached XP level 9. HP: 52/52 MP: 9/9
  4020 | D:6      | Killed Dowan
  4033 | D:6      | 4033 ||| EATING 2 slices of pizza.
  4164 | D:6      | Found a staircase to the Ecumenical Temple.
  4420 | D:6      | Noticed Crazy Yiuf
  4422 | D:6      | 4422 ||| INVOKING Berserk.
  4428 | D:6      | Killed Crazy Yiuf
  4433 | D:6      | 4433 ||| EATING slice of pizza.
  4496 | D:6      | Noticed a hill giant
  4501 | D:6      | 4501 ||| INVOKING Berserk.
  4508 | D:6      | Killed a hill giant
  4549 | D:6      | 4549 ||| EATING beef jerky.
  4879 | D:6      | Noticed Natasha
  4884 | D:6      | Killed Natasha
  5350 | D:6      | 5350 ||| READING scroll labeled FITHOW IQUZA.
  5351 | D:6      | 5351 ||| DRINKING 2 green potions.
  5352 | D:6      | 5352 ||| READING 2 scrolls of identify.
  5352 | D:6      | 5352 ||| IDENTIFYING tubular coral ring
  5353 | D:6      | 5353 ||| DROPPING cursed ring of teleportation.
  5381 | D:7      | Found a glowing silver altar of Zin.
  5569 | D:7      | Noticed Ijyb
  5579 | D:7      | Killed Ijyb
  5585 | D:7      | Found a shimmering altar of Xom.
  5587 | D:7      | Noticed an angel
  5600 | D:7      | Noticed drasked's ghost (experienced GrBe)
  5601 | D:7      | 5601 ||| INVOKING Brothers in Arms.
  5602 | D:7      | 5602 ||| INVOKING Berserk.
  5605 | D:7      | Killed drasked's ghost
  5605 | D:7      | Reached skill level 11 in Axes
  5786 | D:7      | 5786 ||| EATING 2 fruits.
  5966 | D:7      | Noticed Menkaure
  5976 | D:7      | Killed Menkaure
  6268 | D:7      | 6268 ||| UPGRADING to helmet.
  6273 | D:7      | 6273 ||| UPGRADING to cursed pair of gloves.
  6278 | D:7      | 6278 ||| READING scroll of remove curse.
  6279 | D:7      | 6279 ||| READING scroll labeled FICZONN YSTRU.
  6280 | D:7      | 6280 ||| READING scroll labeled TREPPE TIKHO.
  6356 | D:8      | Noticed Blork the orc
  6365 | D:8      | 6365 ||| INVOKING Berserk.
  6367 | D:8      | HP: 17/82 [giant frog (7)]
  6369 | D:8      | Reached XP level 10. HP: 16/60 MP: 10/10
  6372 | D:8      | HP: 14/90 [giant cockroach (1)]
  6375 | D:8      | Killed Blork the orc
  6522 | D:8      | 6522 ||| EATING fruit.
  6629 | D:8      | 6629 ||| EATING 2 beef jerkies.
  6745 | D:8      | 6745 ||| INVOKING Berserk.
  6749 | D:8      | Reached skill level 6 in Fighting
  6794 | D:8      | 6794 ||| EATING beef jerky.
  6810 | D:8      | 6810 ||| INVOKING Berserk.
  6817 | D:8      | Reached skill level 12 in Axes
  7391 | D:8      | 7391 ||| READING scroll labeled YFOASIFERA.
  7428 | D:9      | Noticed Psyche
  7432 | D:9      | 7432 ||| INVOKING Berserk.
  7440 | D:9      | Killed Psyche
  7445 | D:9      | 7445 ||| EATING 8 slices of pizza.
  7619 | D:9      | 7619 ||| INVOKING Berserk.
  7629 | D:9      | Reached skill level 13 in Axes
  7902 | D:9      | Received a gift from Trog
  8049 | D:9      | 8049 ||| INVOKING Berserk.
  8087 | D:9      | 8087 ||| EATING 7 slices of pizza.
  8106 | D:9      | 8106 ||| INVOKING Berserk.
  8149 | D:9      | 8149 ||| EATING 6 slices of pizza.
  8166 | D:9      | 8166 ||| INVOKING Berserk.
  8218 | D:9      | 8218 ||| EATING 5 slices of pizza.
  8346 | D:9      | Reached XP level 11. HP: 66/66 MP: 11/11
  8427 | D:9      | Noticed Maurice
  8492 | D:9      | Killed Maurice
  8675 | D:9      | 8675 ||| INVOKING Berserk.
  8728 | D:9      | 8728 ||| UPGRADING to glowing cloak.
  8738 | D:9      | 8738 ||| DROPPING +2 cloak.
  8739 | D:9      | 8739 ||| READING 5 scrolls of identify.
  8739 | D:9      | 8739 ||| IDENTIFYING purple potion
  8740 | D:9      | 8740 ||| READING 4 scrolls of identify.
  8740 | D:9      | 8740 ||| IDENTIFYING viscous golden potion
  8741 | D:9      | 8741 ||| DRINKING potion of beneficial mutation.
  8741 | D:9      | Gained mutation: You can translocate small distances at will. [potion of beneficial mutation]
  8742 | D:9      | 8742 ||| READING 3 scrolls of identify.
  8742 | D:9      | 8742 ||| IDENTIFYING dark potion
  8768 | D:10     | Entered Level 10 of the Dungeon
  8828 | D:10     | Got a fine cloak
  8927 | D:10     | 8927 ||| INVOKING Berserk.
  8969 | D:10     | 8969 ||| READING 3 scrolls of teleportation.
  9112 | D:10     | 9112 ||| EATING 4 slices of pizza.
  9154 | D:10     | 9154 ||| INVOKING Berserk.
  9166 | D:10     | Found a staircase to the Orcish Mines.
  9187 | D:10     | 9187 ||| READING 2 scrolls of teleportation.
  9194 | D:10     | 9194 ||| READING scroll of teleportation.
  9239 | D:10     | 9239 ||| EATING 3 slices of pizza.
  9285 | D:10     | 9285 ||| INVOKING Berserk.
  9505 | D:10     | Reached skill level 14 in Axes
  9778 | D:10     | 9778 ||| INVOKING Burn Spellbooks.
  9849 | D:10     | 9849 ||| UPGRADING to fine cloak.
  9859 | D:10     | Identified the +1 cloak of the Ladybird {Contam Str-3 Int+10} (You found it on level 10 of the Dungeon)
  9859 | D:10     | 9859 ||| UPGRADING to +2 cloak.
  9869 | D:10     | 9869 ||| DROPPING +1 cloak of the Ladybird {Contam Str-3 Int+10}.
  9870 | D:10     | 9870 ||| UPGRADING to glowing plate armour.
  9880 | D:10     | 9880 ||| DROPPING +0 plate armour.
  9881 | D:10     | 9881 ||| READING scroll labeled RIFOSACEOB.
  9881 | D:10     | Identified a scroll of acquirement
  9882 | D:10     | Got a pair of faintly humming gloves
  9883 | D:10     | 9883 ||| UPGRADING to pair of faintly humming gloves.
  9893 | D:10     | Identified the +1 pair of gloves of Articulation {rF+} (You acquired it on level 10 of the Dungeon)
  9893 | D:10     | 9893 ||| DROPPING +0 pair of gloves.
  9894 | D:10     | 9894 ||| READING scroll labeled ANUUSU ROIT.
  9946 | D:11     | 9946 ||| INVOKING Berserk.
  9953 | D:11     | 9953 ||| EATING 2 slices of pizza.
 10201 | D:11     | Noticed Sonja
 10202 | D:11     | 10202 ||| INVOKING Brothers in Arms.
 10206 | D:11     | 10206 ||| INVOKING Berserk.
 10237 | D:11     | 10237 ||| INVOKING Brothers in Arms.
 10242 | D:11     | 10242 ||| INVOKING Brothers in Arms.
 10264 | D:11     | HP: 13/67 [Sonja/uncursed dagger of distortion (5)]
 10265 | D:11     | 10265 ||| DRINKING 2 potions of heal wounds.
 10268 | D:11     | 10268 ||| EATING slice of pizza.
 10412 | D:11     | 10412 ||| INVOKING Brothers in Arms.
 10414 | D:11     | 10414 ||| INVOKING Berserk.
 10415 | D:11     | Killed Sonja
 10421 | D:11     | 10421 ||| EATING 6 bread rations.
 10494 | D:11     | 10494 ||| INVOKING Berserk.
 10631 | D:11     | Noticed a hill giant
 10636 | D:11     | 10636 ||| INVOKING Berserk.
 10641 | D:11     | Killed a hill giant
 10795 | D:11     | Received a gift from Trog
 10814 | D:11     | 10814 ||| UPGRADING to runed battleaxe {god gift}.
 10815 | D:11     | 10815 ||| DROPPING +1 war axe of freezing.
 10957 | D:11     | Found a staircase to the Lair.
 11071 | D:11     | Reached skill level 15 in Axes
 11131 | D:11     | Noticed Fannar
 11173 | D:11     | Killed Fannar
 11314 | D:11     | 11314 ||| INVOKING Burn Spellbooks.
 11382 | D:11     | Noticed Grum
 11389 | D:11     | 11389 ||| INVOKING Berserk.
 11392 | D:11     | Reached XP level 12. HP: 73/73 MP: 4/12
 11412 | D:11     | Killed Grum
 11413 | D:11     | 11413 ||| EATING 5 bread rations.
 11559 | D:11     | Noticed a hill giant
 11568 | D:11     | Killed a hill giant
 11997 | D:11     | 11997 ||| DRINKING 2 sapphire potions.
 12014 | D:11     | 12014 ||| READING 3 scrolls of identify.
 12014 | D:11     | 12014 ||| IDENTIFYING ring of ice
 12015 | D:11     | 12015 ||| READING 2 scrolls of identify.
 12015 | D:11     | 12015 ||| IDENTIFYING blue potion
 12067 | Lair:1   | Entered Level 1 of the Lair of Beasts
 12068 | Lair:1   | 12068 ||| Entered L.
 12105 | Lair:1   | 12105 ||| READING scroll of acquirement.
 12325 | Lair:1   | 12325 ||| INVOKING Burn Spellbooks.
 12562 | Lair:1   | 12562 ||| EATING slice of pizza.
 12636 | Lair:1   | 12636 ||| INVOKING Brothers in Arms.
 12639 | Lair:1   | 12639 ||| INVOKING Brothers in Arms.
 12642 | Lair:1   | 12642 ||| Stepping ~*~*~tactically~*~*~ (water).
 12643 | Lair:1   | 12643 ||| INVOKING Berserk.
 12748 | Lair:1   | 12748 ||| EATING 4 bread rations.
 12777 | Lair:1   | 12777 ||| INVOKING Brothers in Arms.
 12980 | Lair:1   | 12980 ||| READING 4 scrolls of identify.
 12980 | Lair:1   | 12980 ||| IDENTIFYING pearl ring
 12981 | Lair:1   | 12981 ||| UPGRADING to ring of protection from magic.
 12982 | Lair:1   | 12982 ||| READING 3 scrolls of identify.
 12982 | Lair:1   | 12982 ||| IDENTIFYING thick lapis lazuli amulet
 12983 | Lair:1   | 12983 ||| UPGRADING to amulet of faith.
 13023 | Lair:2   | 13023 ||| STAIRDANCE
 13028 | Lair:2   | 13028 ||| STAIRDANCE
 13031 | Lair:1   | Reached skill level 16 in Axes
 13054 | Lair:2   | 13054 ||| STAIRDANCE
 13166 | Lair:2   | 13166 ||| STAIRDANCE
 13171 | Lair:1   | 13171 ||| READING 3 scrolls labeled FORGHU TOPH.
 13176 | Lair:2   | 13176 ||| STAIRDANCE
 13180 | Lair:1   | Received a gift from Trog
 13395 | Lair:2   | 13395 ||| INVOKING Burn Spellbooks.
 13645 | Lair:2   | 13645 ||| UPGRADING to runed copper ring.
 13646 | Lair:2   | 13646 ||| READING 2 scrolls of identify.
 13646 | Lair:2   | 13646 ||| IDENTIFYING fizzy red potion
 14293 | Lair:3   | Received a gift from Trog
 14353 | Lair:3   | Noticed a seven-headed hydra
 14354 | Lair:3   | 14354 ||| INVOKING Brothers in Arms.
 14355 | Lair:3   | 14355 ||| INVOKING Berserk.
 14359 | Lair:3   | Killed a nine-headed hydra
 14363 | Lair:3   | 14363 ||| EATING beef jerky.
 14573 | Lair:3   | 14573 ||| READING scroll labeled GHANIFAS THAR.
 14591 | Lair:4   | Found a stormy altar of Qazlal.
 14593 | Lair:4   | 14593 ||| INVOKING Berserk.
 14619 | Lair:4   | Reached skill level 17 in Axes
 14625 | Lair:4   | 14625 ||| STAIRDANCE
 14627 | Lair:3   | 14627 ||| INVOKING Brothers in Arms.
 14635 | Lair:3   | 14635 ||| EATING 2 slices of pizza.
 14637 | Lair:3   | Reached XP level 13. HP: 60/79 MP: 4/13
 14695 | Lair:4   | 14695 ||| STAIRDANCE
 14823 | Lair:4   | Noticed a seven-headed hydra
 14824 | Lair:4   | 14824 ||| INVOKING Brothers in Arms.
 14827 | Lair:4   | 14827 ||| INVOKING Berserk.
 14827 | Lair:4   | Killed a seven-headed hydra
 15167 | Lair:4   | 15167 ||| READING scroll of enchant weapon.
 15167 | Lair:4   | 15167 ||| ENCHANTING +3 antimagic battleaxe.
 15273 | Lair:4   | Received a gift from Trog
 15275 | Lair:4   | 15275 ||| UPGRADING to glowing broad axe {god gift}.
 15276 | Lair:4   | 15276 ||| UPGRADING to +4 antimagic battleaxe.
 15277 | Lair:4   | 15277 ||| DROPPING +3 broad axe of electrocution.
 15969 | Lair:5   | 15969 ||| READING scroll of enchant armour.
 15969 | Lair:5   | 15969 ||| ENCHANTING +0 helmet.
 16280 | Lair:5   | Reached skill level 6 in Armour
 16285 | Lair:5   | Received a gift from Trog
 16290 | Lair:5   | 16290 ||| UPGRADING to glowing executioner's axe {god gift}.
 16291 | Lair:5   | 16291 ||| UPGRADING to +4 antimagic battleaxe.
 16292 | Lair:5   | 16292 ||| DROPPING +3 antimagic executioner's axe.
 16311 | Lair:5   | Reached skill level 9 in Fighting
 16344 | Lair:5   | Found a frozen archway.
 16673 | Lair:5   | Reached skill level 18 in Axes
 17190 | Lair:6   | Noticed Snorg
 17191 | Lair:6   | 17191 ||| STAIRDANCE
 17193 | Lair:5   | 17193 ||| INVOKING Brothers in Arms.
 17199 | Lair:5   | Killed Snorg
 17212 | Lair:6   | 17212 ||| STAIRDANCE
 17256 | Lair:6   | Received a gift from Trog
 17257 | Lair:6   | Got a faintly glowing battleaxe {god gift}
 17258 | Lair:6   | 17258 ||| UPGRADING to faintly glowing battleaxe {god gift}.
 17258 | Lair:6   | Identified the +11 battleaxe "Ycses" {chop, Contam rElec rN+ Str+2 Dex-3} (Trog gifted it to you on level 6 of the Lair of Beasts)
 17259 | Lair:6   | 17259 ||| DROPPING +4 antimagic battleaxe.
 17370 | Lair:6   | Found a staircase to the Swamp.
 17502 | Lair:6   | Found a staircase to the Snake Pit.
 17505 | Lair:6   | 17505 ||| Stepping ~*~*~tactically~*~*~ (water).
 17508 | Lair:6   | 17508 ||| Stepping ~*~*~tactically~*~*~ (water).
 17933 | Lair:6   | 17933 ||| READING 7 scrolls of identify.
 17933 | Lair:6   | 17933 ||| IDENTIFYING lumpy blue potion
 17984 | Lair:7   | 17984 ||| EATING slice of pizza.
 18038 | Lair:7   | 18038 ||| INVOKING Brothers in Arms.
 18041 | Lair:7   | 18041 ||| INVOKING Berserk.
 18251 | Lair:7   | 18251 ||| INVOKING Berserk.
 18253 | Lair:7   | Gained mutation: Your wings are large and strong. [gargoyle growth]
 18253 | Lair:7   | Reached XP level 14. HP: 86/86 MP: 14/14
 18300 | Lair:7   | 18300 ||| INVOKING Fly.
 18300 | Lair:7   | 18300 ||| FLYING.
 18736 | Lair:7   | 18736 ||| UPGRADING to gilded ring.
 18738 | Lair:7   | 18738 ||| REMOVING ring of sustain abilities.
 18739 | Lair:7   | 18739 ||| DROPPING ring of sustain abilities.
 18740 | Lair:7   | 18740 ||| UPGRADING to ring of protection from magic.
 18741 | Lair:7   | 18741 ||| READING 7 scrolls of identify.
 18741 | Lair:7   | 18741 ||| IDENTIFYING fizzy black potion
 18769 | Lair:8   | Entered Level 8 of the Lair of Beasts
 18774 | Lair:8   | 18774 ||| STAIRDANCE
 18873 | Lair:8   | Found a staircase to the Slime Pits.
 18880 | Lair:8   | Found a viscous altar of Jiyva.
 18969 | Lair:8   | 18969 ||| INVOKING Brothers in Arms.
 18972 | Lair:8   | 18972 ||| INVOKING Berserk.
 19114 | Lair:8   | Reached skill level 19 in Axes
 19148 | Lair:8   | Received a gift from Trog
 19155 | Lair:8   | 19155 ||| INVOKING Berserk.
 19477 | Lair:8   | Received a gift from Trog
 19478 | Lair:8   | Got a translucent battleaxe {god gift}
 19479 | Lair:8   | 19479 ||| UPGRADING to translucent battleaxe {god gift}.
 19479 | Lair:8   | Identified the +7 battleaxe of Cusuwa {holy, rN+} (Trog gifted it to you on level 8 of the Lair of Beasts)
 19480 | Lair:8   | 19480 ||| UPGRADING to +11 battleaxe "Ycses" {chop, Contam rElec rN+ Str+2 Dex-3}.
 19481 | Lair:8   | 19481 ||| DROPPING +7 battleaxe of Cusuwa {holy, rN+}.
 19492 | Lair:8   | Gained mutation: Space occasionally distorts in your vicinity. [mutagenic glow]
 19571 | Lair:8   | 19571 ||| INVOKING Berserk.
 19652 | Lair:8   | 19652 ||| INVOKING Brothers in Arms.
 19655 | Lair:8   | 19655 ||| INVOKING Berserk.
 20046 | Lair:8   | 20046 ||| READING 7 scrolls of identify.
 20046 | Lair:8   | 20046 ||| IDENTIFYING wand of teleportation
 20047 | Lair:8   | 20047 ||| READING 4 scrolls of recharging.
 20047 | Lair:8   | 20047 ||| RECHARGING wand of teleportation (2).
 20444 | Lair:1   | 20444 ||| EATING slice of pizza.
 20590 | Orc:1    | Entered Level 1 of the Orcish Mines
 20591 | Orc:1    | 20591 ||| Entered O.
 20594 | Orc:1    | 20594 ||| STAIRDANCE
 20764 | Orc:1    | Received a gift from Trog
 21108 | Orc:2    | 21108 ||| STAIRDANCE
 21116 | Orc:2    | 21116 ||| STAIRDANCE
 21194 | Orc:3    | 21194 ||| STAIRDANCE
 21294 | Orc:3    | 21294 ||| INVOKING Trog's Hand.
 21296 | Orc:3    | 21296 ||| INVOKING Berserk.
 21376 | Orc:3    | Received a gift from Trog
 21378 | Orc:3    | 21378 ||| UPGRADING to runed battleaxe {god gift}.
 21379 | Orc:3    | 21379 ||| UPGRADING to +11 battleaxe "Ycses" {chop, Contam rElec rN+ Str+2 Dex-3}.
 21380 | Orc:3    | 21380 ||| DROPPING +2 battleaxe of freezing.
 21382 | Orc:3    | Gained mutation: Space sometimes distorts in your vicinity. [mutagenic glow]
 21488 | Orc:3    | Found a roughly hewn altar of Beogh.
 21524 | Orc:3    | Found a roughly hewn altar of Beogh.
 21527 | Orc:3    | Found a staircase to the Elven Halls.
 21745 | Orc:3    | Noticed a stone giant
 21750 | Orc:3    | 21750 ||| INVOKING Berserk.
 21754 | Orc:3    | Killed a stone giant
 22188 | D:12     | 22188 ||| EATING 7 fruits.
 22776 | D:12     | 22776 ||| EATING 6 fruits.
 22943 | D:12     | Received a gift from Trog
 22945 | D:12     | 22945 ||| UPGRADING to glowing battleaxe {god gift}.
 22946 | D:12     | 22946 ||| UPGRADING to +11 battleaxe "Ycses" {chop, Contam rElec rN+ Str+2 Dex-3}.
 22947 | D:12     | 22947 ||| DROPPING +3 battleaxe of freezing.
 23013 | D:12     | Gained mutation: You are frail (-10% HP). [mutagenic glow]
 23144 | D:13     | Reached skill level 20 in Axes
 23218 | D:13     | 23218 ||| INVOKING Berserk.
 23225 | D:13     | 23225 ||| ZAPPING wand of teleportation (5).
 23298 | D:13     | 23298 ||| INVOKING Berserk.
 23307 | D:13     | 23307 ||| EATING 5 fruits.
 23316 | D:13     | 23316 ||| ZAPPING wand of teleportation (4).
 23446 | D:13     | 23446 ||| EATING 4 fruits.
 23447 | D:13     | 23447 ||| READING 3 scrolls of recharging.
 23447 | D:13     | 23447 ||| RECHARGING wand of teleportation (3).
 23596 | D:13     | 23596 ||| EATING 3 fruits.
 23669 | D:13     | Reached XP level 15. HP: 82/82 MP: 15/15
 24007 | D:13     | 24007 ||| READING scroll labeled HUIFIMI BOJI.
 24176 | D:14     | 24176 ||| EATING 2 fruits.
 24223 | D:14     | Reached skill level 9 in Armour
 24273 | D:14     | 24273 ||| INVOKING Brothers in Arms.
 24274 | D:14     | 24274 ||| INVOKING Berserk.
 24283 | D:14     | Received a gift from Trog
 24290 | D:14     | 24290 ||| EATING fruit.
 24339 | D:14     | Got a translucent battleaxe {god gift}
 24347 | D:14     | 24347 ||| UPGRADING to translucent battleaxe {god gift}.
 24347 | D:14     | Identified the +9 battleaxe "Theghual" {holy, +Fly rF+ rC+ Str-4} (Trog gifted it to you on level 14 of the Dungeon)
 24353 | D:14     | Gained mutation: Your body is slowly deteriorating. [mutagenic glow]
 24378 | D:14     | 24378 ||| INVOKING Brothers in Arms.
 24380 | D:14     | 24380 ||| INVOKING Berserk.
 24717 | D:14     | Found a gate to the Vaults.
 24718 | D:14     | 24718 ||| INVOKING Trog's Hand.
 24954 | D:14     | 24954 ||| UPGRADING to glowing helmet.
 24964 | D:14     | 24964 ||| DROPPING +1 helmet.
 24965 | D:14     | 24965 ||| UPGRADING to coral ring.
 24967 | D:14     | 24967 ||| REMOVING +3 ring of intelligence.
 24968 | D:14     | 24968 ||| DROPPING +3 ring of intelligence.
 24969 | D:14     | 24969 ||| UPGRADING to ring of protection from magic.
 24994 | D:15     | Entered Level 15 of the Dungeon
 24995 | D:15     | 24995 ||| STAIRDANCE
 24999 | D:14     | Received a gift from Trog
 25001 | D:14     | 25001 ||| UPGRADING to glowing battleaxe {god gift}.
 25002 | D:14     | 25002 ||| UPGRADING to +9 battleaxe "Theghual" {holy, +Fly rF+ rC+ Str-4}.
 25003 | D:14     | 25003 ||| DROPPING +3 battleaxe of freezing.
 25111 | D:15     | Found a sacrificial altar of Ru.
 25177 | D:15     | 25177 ||| INVOKING Berserk.
 25191 | D:15     | 25191 ||| EATING 3 beef jerkies.
 25390 | D:15     | 25390 ||| EATING 2 beef jerkies.
 25574 | D:15     | 25574 ||| INVOKING Berserk.
 25629 | D:15     | 25629 ||| EATING beef jerky.
 25681 | D:15     | 25681 ||| INVOKING Berserk.
 25729 | D:15     | 25729 ||| EATING 2 fruits.
 25864 | D:15     | 25864 ||| INVOKING Berserk.
 26021 | D:15     | Found a staircase to the Depths.
 26211 | D:15     | 26211 ||| EATING fruit.
 26342 | D:15     | 26342 ||| UPGRADING to tubular cabochon ring.
 26344 | D:15     | 26344 ||| UPGRADING to ring of protection from magic.
 26346 | D:15     | 26346 ||| READING 11 scrolls of identify.
 26346 | D:15     | 26346 ||| IDENTIFYING wand of teleportation {zapped: 1}
 26488 | D:12     | 26488 ||| EATING 8 meat rations.
 26714 | Snake:1  | Entered Level 1 of the Snake Pit
 26715 | Snake:1  | 26715 ||| Entered P.
 26782 | Snake:1  | Received a gift from Trog
 26931 | Snake:1  | Noticed Urug
 26954 | Snake:1  | Killed Urug
 27204 | Snake:1  | Noticed Aizul
 27205 | Snake:1  | 27205 ||| INVOKING Trog's Hand.
 27206 | Snake:1  | 27206 ||| INVOKING Brothers in Arms.
 27208 | Snake:1  | 27208 ||| INVOKING Berserk.
 27218 | Snake:1  | Killed Aizul
 27465 | Snake:1  | Reached skill level 12 in Armour
 27488 | Snake:1  | Reached skill level 12 in Fighting
 27542 | Snake:1  | Noticed Josephine
 27552 | Snake:1  | Killed Josephine
 27593 | Snake:1  | Received a gift from Trog
 27944 | Snake:1  | Reached XP level 16. HP: 90/90 MP: 16/16
 28311 | Snake:1  | 28311 ||| UPGRADING to runed helmet.
 28321 | Snake:1  | 28321 ||| UPGRADING to +2 helmet.
 28331 | Snake:1  | 28331 ||| DROPPING +1 helmet.
 28363 | Snake:2  | 28363 ||| STAIRDANCE
 28385 | Snake:2  | Noticed Vashnia
 28386 | Snake:2  | 28386 ||| INVOKING Brothers in Arms.
 28388 | Snake:2  | 28388 ||| INVOKING Berserk.
 28407 | Snake:2  | 28407 ||| ZAPPING wand of teleportation (6).
 28418 | Snake:2  | 28418 ||| EATING beef jerky.
 28626 | Snake:2  | 28626 ||| INVOKING Brothers in Arms.
 28627 | Snake:2  | 28627 ||| INVOKING Berserk.
 28632 | Snake:2  | HP: 31/138 [naga sharpshooter/arrow[Vashnia] (9)]
 28639 | Snake:2  | HP: 15/138 [naga sharpshooter/arrow[Vashnia] (4)]
 28644 | Snake:2  | HP: 10/138 [naga sharpshooter/arrow (6)]
 28647 | Snake:2  | 28647 ||| DRINKING 6 potions of heal wounds.
 28648 | Snake:2  | 28648 ||| ZAPPING wand of teleportation (5).
 28648 | Snake:2  | Shot with an arrow by a naga sharpshooter

Vault maps used:
D:1:      matt_arrival_spirals
D:2:      lemuel_round_altar
D:3:      fedhas_altar_1, lightli_temple_of_fire, nemelex_deck, first_bread,
          goddamned_bats
D:4:      nicolae_gozag_cash_rules_everything_around_me, uniq_edmund
D:5:      uniq_eustachio
D:6:      minmay_temple_entry_junction2, hex_large, uniq_crazy_yiuf_cottage,
          uniq_duvessa, uniq_natasha
D:7:      grunt_temple_overflow_order_and_chaos_1, grunt_livestock,
          uniq_menkaure, uniq_iyjb
D:8:      uniq_blork_the_orc
D:9:      uniq_psyche, uniq_maurice
D:10:     hiddenorc2_lemuel
D:11:     dpeg_lair_monsters, uniq_grum, uniq_fannar, uniq_sonja
D:12:     lab_entry_generic
D:14:     grunt_vaults_entry_tiered, minmay_misc_feat_secret_circle
D:15:     grunt_enter_depths_hoard, nicolae_ru_path_of_blood
Lair:1:   dpeg_oklob_gauntlet, serial_bayou_crossing
Lair:2:   grunt_forest_stairs_clearing
Lair:3:   serial_bayou_pond_d, fungi_pond_lemuel, grunt_megastairs_3
Lair:4:   basic_altar, serial_bayou_pond_c, minmay_another_anthill,
          lemuel_fruit_fields
Lair:5:   portal_ice_cave_entry_imps
Lair:6:   swamp_mist, guppyfry_snake_entry_island, serial_bayou_pond_e,
          serial_bayou_pond_a, nicolae_lair_grove_arrangements, uniq_snorg
Lair:7:   infiniplex_staircase_pool_2
Lair:8:   minmay_lair_end_enchanted_forest, slime_altar_1
Snake:1:  uniq_aizul, uniq_josephine, uniq_urug
Snake:2:  uniq_vashnia
Orc:1:    mines5_lemuel
Orc:2:    orc_temple, serial_shops, shop
Orc:3:    basic_altar, nicolae_orc_pool_cavern, minmay_orc_temple_b

Action                   |  1- 3 |  4- 6 |  7- 9 | 10-12 | 13-15 | 16-18 || total
-------------------------+-------+-------+-------+-------+-------+-------++-------
Melee: Hand axe          |   104 |       |       |       |       |       ||   104
       War axe           |    21 |   102 |   322 |   451 |       |       ||   896
       Unarmed           |       |       |    11 |    14 |       |       ||    25
       Battleaxe         |       |       |       |   372 |  1311 |   118 ||  1801
Throw: Tomahawk          |       |       |       |    45 |       |       ||    45
       Javelin           |       |       |       |       |     4 |    12 ||    16
Invok: Berserk           |     2 |     3 |     7 |    20 |    18 |     2 ||    52
       Brothers in Arms  |       |       |     2 |     9 |     8 |     2 ||    21
       Burn Spellbooks   |       |       |       |     4 |       |       ||     4
       Trog's Hand       |       |       |       |       |     3 |       ||     3
 Abil: Fly               |       |       |       |       |     1 |       ||     1
Evoke: Wand              |       |       |       |       |     2 |     2 ||     4
  Use: Scroll            |     7 |     2 |     5 |    17 |     9 |       ||    40
       Potion            |     1 |       |     7 |     3 |       |     1 ||    12
 Stab: Fleeing           |       |       |       |     1 |       |       ||     1
       Distracted        |       |       |       |       |     1 |       ||     1
  Eat: Chunk             |     3 |       |    11 |    17 |    43 |     2 ||    76
       Fruit             |       |     2 |     1 |     1 |     9 |       ||    13
       Bread ration      |       |     1 |       |     3 |       |       ||     4
       Pizza             |       |       |     4 |    10 |     2 |       ||    16
       Beef jerky        |       |       |     2 |     3 |     3 |     1 ||     9
       Meat ration       |       |       |       |       |     1 |       ||     1
